 Dungeon Crawl Stone Soup version 0.27-a0-1006-g1fd4cec11e (webtiles) character file.

Game seed: 8329135549930960920

2 siradein the Charlatan (level 1, -2/15 HPs)
             Began as a Demonspawn Artificer on Apr 17, 2021.
             Slain by a goblin
             ... wielding a +0 club
              (4 damage)
             ... on level 1 of the Dungeon.
             The game lasted 00:00:53 (225 turns).

siradein the Charlatan (Demonspawn Artificer)        Turns: 225, Time: 00:00:54

Health: -2/15      AC:  3    Str: 12    XL:     1   Next: 25%
Magic:  1/1        EV: 11    Int: 12    God:
Gold:   11         SH:  0    Dex: 13    Spells: 0/0 levels left

rFire    . . .     SeeInvis .   h - +0 war axe
rCold    . . .     Faith    .   (no shield)
rNeg     . . .     Spirit   .   b - +0 leather armour
rPois    .         Reflect  .   (no helmet)
rElec    .         Harm     .   (no cloak)
rCorr    .         Rampage  .   (no gloves)
Will     .....                  (no boots)
Stlth    +.........             (no amulet)
HPRegen  0.05/turn              (no ring)
MPRegen  0.07/turn              (no ring)

@: no status effects
A: no striking features
a: no special abilities


You were on level 1 of the Dungeon.
You visited 1 branch of the dungeon, and saw 1 of its levels.

You collected 11 gold pieces.

Inventory:

Hand Weapons
 h - a +0 war axe (weapon)
Armour
 b - a +0 leather armour (worn)
Wands
 c - a wand of flame (15) (quivered)
 d - a wand of charming (15)
Scrolls
 f - a scroll of teleportation {unknown}
 g - a scroll of brand weapon {unknown}
Miscellaneous
 e - a piece from Xom's chessboard (15/15)


   Skills:
 + Level 1.1 Fighting
 - Level 1.7 Armour
 - Level 0.8 Dodging
 - Level 0.8 Stealth
 + Level 3.0 Evocations


You couldn't memorise any spells.
You didn't know any spells.
Your spell library was empty.

Dungeon Overview and Level Annotations

Branches:
Dungeon (1/15)

Altars:


Message History

A rat and a kobold come into view.
The kobold shouts!
The frilled lizard barely misses you.
A rat comes into view.
You closely miss the frilled lizard. The frilled lizard barely misses you.
A bat comes into view.
You barely miss the goblin. You closely miss the frilled lizard.
The goblin hits you with a +0 club. The frilled lizard bites you.
The goblin hits you with a +0 club. The frilled lizard misses you.
The frilled lizard unfolds its giant frill.
Things that are here:
a +0 short sword; a kobold corpse You barely miss the goblin.
The goblin hits you with a +0 club. The goblin closely misses you.
You closely miss the goblin. The goblin barely misses you.
You closely miss the goblin. The goblin hits you with a +0 club. x2
* * * LOW HITPOINT WARNING * * *
You closely miss the goblin. The goblin misses you.
You barely miss the goblin.
The goblin hits you but does no damage. x2
You barely miss the goblin. The goblin hits you with a +0 club.
* * * LOW HITPOINT WARNING * * *
There is an open door here.
The rat twitches its whiskers.
There is an open door here.
Aiming: Throw Flame
Press: ? - help, Shift-Dir - straight line, f - goblin
Aim: a goblin, wielding a +0 club (64% to hit)
Okay, then.
You miss the goblin. The goblin barely misses you. x2
You hit the goblin.
The goblin is heavily wounded.
The goblin hits you with a +0 club.
* * * LOW HITPOINT WARNING * * *
You hit the goblin.
The goblin is severely wounded.
The goblin barely misses you. The goblin completely misses you.
You miss the goblin.
The goblin is severely wounded.
The goblin hits you with a +0 club.
You die...

.#.# #.# .#.###.### #.#
.........# #.# ########.#
#.# #.# #.# ####.# #.## #
##.##.# #..##
####...#.#########...####
'...........rKlg@.......+
####...###########...####
# ##..# ##..## ##.# #..##
#.# #.## #.# #.# #.# #.#
#.# #.# #.#


You could see a goblin, a kobold, a frilled lizard and a rat.

Vanquished Creatures
  A bat (D:1)
  A kobold (D:1)
2 creatures vanquished.

Notes
Turn   | Place    | Note
-------+----------+-------------------------------------------
     0 | D:1      | siradein the Demonspawn Artificer began the quest for the
                  | Orb.
     0 | D:1      | Reached XP level 1. HP: 15/15 MP: 1/1
   225 | D:1      | Slain by a goblin

Illustrated notes

Levels and vault maps discovered:
D:1:      amcnicky_arrival_underground_garden, layout_loops_corners

Action                   || total
-------------------------++-------
Melee: War axe           ||    13
       Club              ||     4
Armor: Leather armour    ||     4
Dodge: Dodged            ||    12

Table legend: (Time is in decaauts)
 A = Elapsed time spent in this place.
 B = Non-inter-level travel time spent in this place.
 C = Inter-level travel time spent in this place.
 D = Time resting spent in this place.
 E = Time spent auto-exploring this place.
 F = Levels seen in this place.
 G = Mean time per level.
                   A        B        C        D        E       F      G
               +--------+--------+--------+--------+--------+-----+--------+
         Total |    231 |    231 |      0 |      0 |    160 |   1 |  231.0 |
       Dungeon |    231 |    231 |      0 |      0 |    160 |   1 |  231.0 |
               +--------+--------+--------+--------+--------+-----+--------+

Top non-repeatable levels by time:
     D:1: 231 daAuts
